 Dungeon Crawl Stone Soup version 0.29.1-12-g30fa7ad0bf (webtiles) character file.

Game seed: 3721775573449699578

134510 wingedge the Eclecticist (level 16, -3/97 HPs)
             Began as a Deep Elf Earth Elementalist on Dec 27, 2022.
             Was a High Priest of Vehumet.
             Slain by Arachne
             ... wielding a staff of poison
              (19 damage)
             ... on level 2 of the Spider Nest.
             The game lasted 02:17:43 (42015 turns).

wingedge the Eclecticist (DEEE)                    Turns: 42015, Time: 02:17:44

Health: -3/97      AC: 13    Str:  8 (9)  XL:     16   Next: 62%
Magic:  0/38       EV: 14    Int: 29      God:    Vehumet [*****.]
Gold:   1564       SH:  9    Dex: 11 (12) Spells: 6/48 levels left

rFire   . . .      SeeInvis +   a - +8 long sword (spect)
rCold   + + .      Faith    .   Z - +0 kite shield {reflect}
rNeg    + . .      Spirit   +   R - +0 robe {Archmagi}
rPois   +          Reflect  +   d - +2 helmet of Depression {Str+4}
rElec   .          Harm     .   T - +2 cloak "Cirubbis" {+Blink Will++}
rCorr   +          Rampage  .   L - +1 pair of gloves
Will    +++..      Archmagi +   F - +1 pair of boots
Stlth   ++........              i - amulet of guardian spirit
HPRegen 0.26/turn               B - ring "Xutabearr" {Wiz rC- Slay+5}
MPRegen 0.26/turn               V - ring "Idasupin" {rPois rC+++ rN+ rCorr Dex-3}

@: lethally poisoned (-3 -> -7), invisible
A: see invisible, deterioration 1
a: Renounce Religion, Evoke Blink


You were on level 2 of the Spider Nest.
You worshipped Vehumet.
Vehumet was extremely pleased with you.
You visited 5 branches of the dungeon, and saw 25 of its levels.
You also visited: Gauntlet.

You collected 3157 gold pieces.
You spent 1593 gold pieces at shops.

Inventory:

Hand Weapons
 a - a +8 spectral long sword (weapon)
 e - a +4 double sword of electrocution
 h - a +1 falchion of holy wrath
 X - a +1 falchion of flaming
Armour
 d - the +2 helmet of Depression (worn) {Str+4}
   (You found it in a Gauntlet)

   Str:       It affects your strength (+4).
 F - a +1 pair of boots (worn)
 J - a +2 leather armour of willpower
 K - a scarf of resistance
 L - a +1 pair of gloves (worn)
 R - a +0 robe of the Archmagi (worn)
 T - the +2 cloak "Cirubbis" (worn) {+Blink Will++}
   (You found it on level 2 of the Spider Nest)

   +Blink:    It lets you blink.
   Will:      It greatly increases your willpower.
 Z - a +0 kite shield of reflection (worn)
Magical Staves
 b - a staff of conjuration
 m - a staff of cold
Jewellery
 c - a +6 ring of intelligence
 i - an amulet of guardian spirit (around neck)
 B - the ring "Xutabearr" (left hand) {Wiz rC- Slay+5}
   (You found it on level 1 of the Spider Nest)

   [ring of wizardry]

   It improves your spell success rate.
   Slay:      It affects your accuracy & damage with ranged weapons and melee
   (+5).
   rC:        It makes you vulnerable to cold.
 Q - a +4 ring of evasion
 V - the ring "Idasupin" (right hand) {rPois rC+++ rN+ rCorr Dex-3}
   (You bought it in a shop on level 11 of the Dungeon)

   [ring of positive energy]

   Dex:       It affects your dexterity (-3).
   rC:        It renders you almost immune to cold.
   rPois:     It protects you from poison.
   rN:        It protects you from negative energy.
   rCorr:     It protects you from acid and corrosion.
 Y - a ring of positive energy
Wands
 n - a wand of light (11)
 r - a wand of mindburst (4)
 G - a wand of iceblast (16) (quivered)
 I - a wand of flame (74)
 N - a wand of digging (4)
 W - a wand of paralysis (20)
Scrolls
 g - 3 scrolls of vulnerability
 k - 8 scrolls of teleportation
 l - 2 scrolls of immolation
 u - a scroll of fear
 w - 4 scrolls of poison
 x - 5 scrolls of magic mapping
 y - 2 scrolls of blinking
 A - a scroll of silence
 E - 4 scrolls of butterflies
Potions
 f - 6 potions of brilliance
 o - a potion of mutation
 q - 4 potions of curing
 s - 4 potions of lignification
 t - 2 potions of cancellation
 v - a potion of resistance
 z - 6 potions of attraction
 C - 2 potions of flight
 D - a potion of ambrosia {unknown}
 H - a potion of might {unknown}
 S - a potion of invisibility
 U - a potion of berserk rage {unknown}
Miscellaneous
 p - a condenser vane
 M - a phial of floods


   Skills:
 - Level 10.0 Fighting
 - Level 8.0 Long Blades
 - Level 4.0 Armour
 - Level 10.0 Dodging
 - Level 3.0 Stealth
 - Level 6.0 Shields
 + Level 16.5 Spellcasting
 - Level 14.0 Conjurations
 - Level 4.0 Hexes
 - Level 10.0 Summonings
 - Level 6.0 Transmutations
 + Level 8.6 Ice Magic
 - Level 7.0 Air Magic
 - Level 6.0 Earth Magic
 - Level 4.0 Poison Magic
 + Level 5.4 Evocations


You had 6 spell levels left.
You knew the following spells:

 Your Spells              Type           Power      Damage    Failure   Level
a - Spellforged Servitor  Conj/Summ      48%        N/A       4%          7
b - Lee's Rapid Deconstr  Erth           36%        3d19*     1%          5
c - Mephitic Cloud        Conj/Pois/Air  83%        N/A       1%          3
d - Orb of Destruction    Conj           51%        9d13      1%          7
e - Lightning Bolt        Conj/Air       45%        1d65      1%          5
f - Ozocubu's Armour      Ice            84%        N/A       1%          3
g - Irradiate             Conj/Tmut      44%        3d26      1%          5
h - Freezing Cloud        Conj/Ice/Air   44%        6-21      1%          5
i - Wereblood             Tmut           73%        N/A       1%          2

Your spell library contained the following spells:

 Spells                   Type           Power      Damage    Failure   Level
 Maxwell's Capacitive Co  Air            38%        ∞         82%         8
 Magic Dart               Conj           100%       1d8       0%          1
 Beastly Appendage        Tmut           100%       N/A       1%          1
 Sandblast                Erth           100%       2d20      1%          1
 Summon Small Mammal      Summ           100%       N/A       1%          1
 Call Imp                 Summ           89%        N/A       1%          2
 Passwall                 Tmut/Erth      60%        N/A       1%          2
 Call Canine Familiar     Summ           89%        N/A       1%          3
 Spider Form              Tmut/Pois      68%        N/A       1%          3
 Stone Arrow              Conj/Erth      100%       3d13      1%          3
 Summon Guardian Golem    Hex/Summ       77%        N/A       1%          3
 Tukima's Dance           Hex            63%        N/A       1%          3
 Animate Armour           Summ/Erth      100%       N/A       1%          4
 Petrify                  Tmut/Erth      73%        N/A       1%          4
 Portal Projectile        Hex/Tloc       100%       N/A       2%          3
 Blade Hands              Tmut           36%        N/A       4%          5
 Anguish                  Hex/Necr       26%        N/A       9%          4
 Ozocubu's Refrigeration  Ice            42%        4d16      13%         7
 Lehudib's Crystal Spear  Conj/Erth      44%        10d11     45%         8
 Enfeeble                 Hex            31%        N/A       96%         7


Dungeon Overview and Level Annotations

Branches:
Dungeon (15/15)            Temple (1/1) D:4            Lair (5/5) D:10
 Shoals (0/4) Lair:3       Spider (2/4) Lair:2        Slime (0/5) Lair:5
    Orc (2/2) D:12            Elf (0/3) Orc:2        Vaults (0/5) D:14
 Depths (0/4) D:15        Gauntlet (visited)

Altars:
Ashenzari
Cheibriados
Fedhas
Gozag
Hepliaklqana
Kikubaaqudgha
Nemelex Xobeh
Okawaru
Qazlal
Ru
Sif Muna
Trog
Uskayaw
Vehumet
Wu Jian
Xom
Yredelemnul
Zin
The Shining One
Jiyva

Shops:
D:3 *   D:4 *   D:11 =   Orc:1 ?**((   Orc:2 *:((

Annotations:
Spider:2 Arachne


Innate Abilities, Weirdness & Mutations

You have supernaturally acute eyesight. (SInv)
Your body sometimes deteriorates upon taking damage.


Message History

Your spellforged servitor disappears in a puff of smoke!
Arachne points her staff at you, shooting a stream of webbing.
The stream of webbing hits you but does no damage.
You are caught in a web!
Being near the torpor snail leaves you feeling lethargic.
There is a web here.
The web tears apart.
Arachne casts a spell.
Arachne blinks!
Arachne stares at you and mumbles some strange words.
The poison arrow hits you!!
You are poisoned.
You partially resist.
* * * LOW HITPOINT WARNING * * *
Your body deteriorates!
You feel weakened.
You feel yourself speed up.
You feel very sick.
You feel very sick.
Arachne points her staff at you, shooting a stream of webbing.
The stream of webbing hits you but does no damage.
You are caught in a web!
There is a web here.
The web tears apart.
You feel sick.
You feel much better.
You feel sick. You block Arachne's attack.
You slash Arachne!
Arachne is heavily wounded.
Your +8 spectral long sword hits Arachne!
You feel sick. Arachne misses you.
Arachne hits you with a staff of poison!!
* * * LOW HITPOINT WARNING * * *
Arachne envenoms you.
* * * LOW HITPOINT WARNING * * *
You are more poisoned.
Unknown command.
You barely miss Arachne.
Arachne is severely wounded.
Your +8 spectral long sword hits Arachne!!
You feel sick.
Arachne hits you with a staff of poison!!
You die...

###.#.............## ...#
#.^.#.............#.## ...
#...........[..###..###..
#..#.........####^#....#..
####..###<...#.##.........
##.####.##.....##.^.......
#..#..#^.##...#####.......
###.H..#.......#.^.....##..
#..w...###@....##.......##.
#.......#H(...#####......##
#...#.........#..#.........
......##....^.###.^##........
...... ##.###..........#.....
....#.. ###.#....^....##...#.
....#.. #.............#...##
.. ##.........#..#..##
#...#..^.^#.#####


You could see Arachne and a friendly +8 spectral long sword (summoned).

Vanquished Creatures
  Rupert (D:14)
  An emperor scorpion (Spider:2)
  The ghost of groovy9 the Marksminotaur, a journeyman MiHu of Hepliaklqana (Spider:1)
  A ghost moth (Spider:2)
  2 entropy weavers
  Snorg (D:13)
  An ettin (Orc:1)
  A great orb of eyes (D:15)
  4 boulder beetles
  3 hydras
  A rakshasa (D:15)
  6 centaur warriors
  2 catoblepae
  2 jorogumos
  A radroach (Spider:1)
  2 two-headed ogres
  2 tengu warriors
  5 death yaks (Lair:2)
  Urug (D:14)
  2 orc high priests (Orc:2)
  Sonja (D:10)
  Nergalle (D:11)
  A fire crab (Lair:4)
  A sixfirhy (Gauntlet)
  4 skeletal warriors (D:15)
  2 pharaoh ants (Spider:2)
  3 steelbarb worms
  Lodul (D:12)
  3 orc knights
  The ghost of wormed the Slicer, a novice KoBr of Uskayaw (D:7)
  An orange crystal statue (Gauntlet)
  An orb spider (Spider:1)
  Pikel (D:5)
  2 orc sorcerers
  14 wolf spiders
  30 ugly things
  A manticore (shapeshifter) (D:15)
  5 cyclopes
  2 manticores
  3 black mambas
  2 moths of wrath (Spider:1)
  Maurice (D:11)
  5 elephants (Lair:5)
  2 nameless horrors
  5 torpor snails
  3 gargoyles
  6 cane toads
  A cane toad (shapeshifter) (D:15)
  Maggie (D:6)
  An unseen horror (D:10)
  3 rime drakes
  A demonic crawler (Spider:2)
  8 komodo dragons
  2 kobold demonologists (D:14)
  3 tengu conjurers
  A freezing wraith (D:15)
  A burning bush (Lair:3)
  A wind drake (Lair:3)
  2 trolls
  3 polar bears
  2 meliai
  Grinder (D:3)
  Prince Ribbit (D:9)
  19 tarantellas
  6 hornets
  13 slime creatures
  3 blink frogs (Lair:3)
  2 dream sheep (Lair:5)
  13 jumping spiders
  8 spriggans (Lair:5)
  3 wyverns
  A vampire (D:13)
  32 yaks
  14 culicivoras
  A wraith (D:14)
  2 basilisks
  15 humans (D:14)
  20 redbacks
  13 vampire mosquitoes
  A warg (Orc:1)
  Eustachio (D:6)
  Menkaure (D:5)
  2 steam dragons
  An acid dragon (D:11)
  12 water moccasins
  Duvessa (D:7)
  22 orc warriors
  An ice beast (D:5)
  5 black bears
  A sky beast (D:7)
  A sky beast (shapeshifter) (D:13)
  15 ogres
  8 boggarts
  26 wolves
  17 centaurs
  2 lemures (D:4)
  9 kobold brigands
  A gnoll sergeant (D:5)
  23 bullfrogs
  4 scorpions
  11 wights
  Dowan (D:7)
  15 killer bees
  6 howler monkeys
  7 hounds
  5 gnoll boudas
  22 orc priests
  2 jellies
  Jessica (D:3)
  6 iguanas
  25 orc wizards
  13 gnolls
  6 adders
  5 white imps
  5 ufetubi
  5 worms
  2 dart slugs (D:1)
  80 orcs
  4 bats
  14 endoplasms
  6 giant cockroaches
  7 goblins
  11 hobgoblins
  A jackal (D:4)
  18 kobolds
  8 quokkas
  9 ball pythons
  6 frilled lizards
  7 rats
801 creatures vanquished.

Vanquished Creatures (collateral kills)
  Donald (Spider:1)
  Nessos (Orc:2)
  A minotaur (Gauntlet)
  An ogre mage (D:15)
  A boulder beetle (Lair:5)
  3 two-headed ogres (D:15)
  A death yak (Lair:2)
  3 orc high priests
  A lindwurm (Lair:5)
  4 ugly things (D:14)
  2 wolf spiders (Spider:2)
  An orc sorcerer (Orc:2)
  An elephant (Lair:5)
  A torpor snail (Spider:2)
  3 cane toads
  2 meliai (D:14)
  A troll (Orc:1)
  A hornet (Lair:5)
  2 slime creatures (D:13)
  A tarantella (Spider:1)
  3 jumping spiders
  2 culicivoras (Spider:1)
  3 spriggans (Lair:5)
  8 yaks
  A wyvern (Lair:5)
  2 redbacks (Spider:2)
  2 wargs (Orc:1)
  A water moccasin (Lair:5)
  9 orc warriors
  7 wolves (Lair:5)
  An ogre (Orc:1)
  2 killer bees (D:9)
  9 orc priests
  8 orc wizards
  19 orcs
109 creatures vanquished.

Vanquished Creatures (others)
  A slime creature (Gauntlet)
  A yak (Lair:3)
  A human (D:14)
  An orc warrior (Orc:1)
  2 wolves (Lair:2)
  A killer bee (D:9)
  2 jellies (Gauntlet)
  An orc wizard (Orc:2)
  An orc (D:15)
  68 fungi
  118 plants
197 creatures vanquished.

Grand Total: 1107 creatures vanquished

Notes
Turn   | Place    | Note
-------+----------+-------------------------------------------
     0 | D:1      | wingedge the Deep Elf Earth Elementalist began the quest
                  | for the Orb.
     0 | D:1      | Reached XP level 1. HP: 10/10 MP: 6/6
   197 | D:1      | Reached skill level 1 in Conjurations
   260 | D:1      | Reached XP level 2. HP: 15/15 MP: 6/8
   871 | D:1      | Reached XP level 3. HP: 19/19 MP: 6/9
   906 | D:1      | Learned a level 3 spell: Stone Arrow
  1202 | D:2      | Found a shimmering altar of Xom.
  1534 | D:2      | Reached skill level 4 in Spellcasting
  2087 | D:2      | You fall into a shaft and drop 1 floor!
  2104 | D:3      | Reached XP level 4. HP: 24/24 MP: 7/12
  2540 | D:3      | Reached skill level 5 in Spellcasting
  2997 | D:3      | Noticed Jessica
  3000 | D:3      | Killed Jessica
  3001 | D:3      | Reached skill level 6 in Spellcasting
  3001 | D:3      | Reached XP level 5. HP: 28/28 MP: 10/15
  3135 | D:3      | Learned a level 3 spell: Mephitic Cloud
  3249 | D:3      | Reached skill level 1 in Fighting
  3368 | D:3      | Found Pappades's Assorted Antiques.
  3376 | D:3      | Bought a scroll labelled BEWINL ETSIFIX for 19 gold pieces
  3376 | D:3      | Bought a fizzy blue potion for 17 gold pieces
  3376 | D:3      | Bought a scroll labelled RET TULESCH for 19 gold pieces
  3376 | D:3      | Bought a scroll labelled AJAUBO WOGGEGHER for 19 gold
                  | pieces
  3376 | D:3      | Bought a viscous pink potion for 17 gold pieces
  3376 | D:3      | Bought a scroll labelled BEWINL ETSIFIX for 19 gold pieces
  3767 | D:3      | Noticed Grinder
  3772 | D:3      | Killed Grinder
  3773 | D:3      | Reached skill level 1 in Air Magic
  3773 | D:3      | Reached XP level 6. HP: 26/36 MP: 6/17
  4128 | D:4      | Found a glowing golden altar of the Shining One.
  4158 | D:4      | Found an opulent altar of Gozag.
  4160 | D:4      | Found Gozag's Platinum Reserve.
  4716 | D:4      | Found a staircase to the Ecumenical Temple.
  4725 | Temple   | Entered the Ecumenical Temple
  4747 | Temple   | Became a worshipper of Vehumet
  4798 | D:4      | Found a sacrificial altar of Ru.
  5242 | D:5      | Entered Level 5 of the Dungeon
  5246 | D:5      | Noticed an ice beast
  5250 | D:5      | Reached XP level 7. HP: 42/42 MP: 3/18
  5603 | D:5      | Noticed Pikel
  5794 | D:5      | Reached skill level 7 in Spellcasting
  6042 | D:5      | Killed Pikel
  6043 | D:5      | Reached skill level 9 in Spellcasting
  6043 | D:5      | Reached XP level 8. HP: 36/48 MP: 2/23
  6337 | D:5      | Reached skill level 10 in Spellcasting
  6394 | D:5      | Reached * piety under Vehumet
  6394 | D:5      | Offered knowledge of Freeze by Vehumet.
  6717 | D:5      | Reached skill level 1 in Armour
  6775 | D:5      | Noticed Menkaure
  6779 | D:5      | Killed Menkaure
  6878 | D:5      | Reached skill level 5 in Dodging
  7244 | D:6      | Noticed Eustachio
  7251 | D:6      | Killed Eustachio
  7252 | D:6      | Reached XP level 9. HP: 52/52 MP: 5/25
  7492 | D:6      | Noticed Maggie
  7497 | D:6      | Killed Maggie
  8331 | D:7      | Found a runed translucent door.
  8333 | D:7      | Noticed wormed's ghost (novice KoBr)
  8366 | D:7      | Reached skill level 5 in Earth Magic
  8628 | D:7      | Reached ** piety under Vehumet
  8741 | D:7      | Reached skill level 5 in Fighting
  8748 | D:7      | Reached skill level 5 in Conjurations
  8817 | D:7      | Found a hide-covered altar of Uskayaw.
  8976 | D:7      | Offered knowledge of Scorch by Vehumet.
  9186 | D:7      | Noticed Duvessa
  9187 | D:7      | Noticed Dowan
  9626 | D:7      | Reached XP level 10. HP: 52/59 MP: 16/26
 10181 | D:7      | Offered knowledge of Conjure Flame by Vehumet.
 10413 | D:7      | Killed Duvessa
 10414 | D:7      | Killed Dowan
 10658 | D:7      | Killed wormed's ghost
 11216 | D:8      | Reached skill level 1 in Evocations
 11328 | D:8      | Reached *** piety under Vehumet
 11637 | D:8      | Noticed a centaur warrior
 11637 | D:8      | Noticed a boulder beetle
 11641 | D:8      | Noticed a centaur warrior
 11641 | D:8      | Noticed a cyclops
 11832 | D:8      | Noticed a cyclops
 11990 | D:9      | Reached skill level 10 in Conjurations
 12012 | D:9      | Offered knowledge of Frozen Ramparts by Vehumet.
 12022 | D:9      | Noticed Prince Ribbit
 12027 | D:9      | Killed Prince Ribbit
 13154 | D:10     | Entered Level 10 of the Dungeon
 13163 | D:10     | Reached XP level 11. HP: 63/63 MP: 12/27
 13559 | D:10     | Found a staircase to the Lair.
 13884 | D:10     | Reached **** piety under Vehumet
 14159 | D:10     | Noticed Sonja
 14163 | D:10     | Killed Sonja
 14516 | D:10     | Found a snail-covered altar of Cheibriados.
 14523 | D:10     | Found an iron altar of Okawaru.
 14531 | D:10     | Found an ornate altar of the Wu Jian Council.
 14538 | D:10     | Found a glowing silver altar of Zin.
 14544 | D:10     | Found a broken altar of Ashenzari.
 14551 | D:10     | Found a shimmering altar of Xom.
 14556 | D:10     | Found a sparkling altar of Nemelex Xobeh.
 14855 | D:11     | Noticed a two-headed ogre
 14860 | D:11     | Killed a two-headed ogre
 14987 | D:11     | Learned a level 7 spell: Orb of Destruction
 15008 | D:11     | Noticed Nergalle
 15221 | D:11     | Killed Nergalle
 15222 | D:11     | Reached skill level 1 in Summonings
 15387 | D:11     | Noticed an eight-headed hydra
 15397 | D:11     | Killed an eight-headed hydra
 15560 | D:11     | Noticed Maurice
 15565 | D:11     | Killed Maurice
 15860 | D:11     | Found Viob's Jewellery Emporium.
 16004 | D:12     | Noticed a cyan ugly thing
 16123 | D:12     | Killed a cyan ugly thing
 16123 | D:12     | Offered knowledge of Lightning Bolt by Vehumet.
 16228 | D:12     | Learned a level 5 spell: Lightning Bolt
 16297 | D:12     | Learned a level 3 spell: Ozocubu's Armour
 16402 | D:12     | Noticed Lodul
 16759 | D:12     | Found a staircase to the Orcish Mines.
 17293 | D:12     | Killed Lodul
 17294 | D:12     | Reached XP level 12. HP: 70/70 MP: 11/28
 17690 | D:11     | Bought the ring "Idasupin" {rPois rC+++ rN+ rCorr Dex-3}
                  | for 1113 gold pieces
 17775 | Lair:1   | Entered Level 1 of the Lair of Beasts
 18268 | Lair:1   | Reached skill level 11 in Spellcasting
 18268 | Lair:1   | Reached skill level 1 in Ice Magic
 18939 | Lair:1   | Noticed a catoblepas
 18960 | Lair:1   | Killed a catoblepas
 19302 | Lair:2   | Noticed a death yak
 19304 | Lair:2   | Noticed a death yak
 19472 | Lair:2   | Found a gate leading to a gauntlet.
 19476 | Gauntlet | Entered a Gauntlet
 19476 | Gauntlet | Found a transporter.
 19477 | Gauntlet | Found a large runed translucent door.
 19478 | Gauntlet | Found a large runed translucent door.
 19479 | Gauntlet | Found a large runed translucent door.
 19479 | Gauntlet | Found a large runed translucent door.
 19479 | Gauntlet | Found a runed translucent door.
 19479 | Gauntlet | Found a runed translucent door.
 19480 | Gauntlet | Found a large runed translucent door.
 19481 | Gauntlet | Found a large runed translucent door.
 19482 | Gauntlet | Found a large runed translucent door.
 19482 | Gauntlet | Found a large runed translucent door.
 19482 | Gauntlet | Found a large runed translucent door.
 19482 | Gauntlet | Found a large runed translucent door.
 19482 | Gauntlet | Found a large runed translucent door.
 19482 | Gauntlet | Found a large runed translucent door.
 19483 | Gauntlet | Found a large runed translucent door.
 19483 | Gauntlet | Found a large runed translucent door.
 19484 | Gauntlet | Found a large runed translucent door.
 19484 | Gauntlet | Found a transporter.
 19484 | Gauntlet | Found a large runed translucent door.
 19486 | Gauntlet | Found a transporter.
 19488 | Gauntlet | Found a transporter.
 19503 | Gauntlet | Found a runed translucent gate.
 19503 | Gauntlet | Found a runed translucent gate.
 19505 | Gauntlet | Found a transporter.
 19506 | Gauntlet | Found a runed translucent gate.
 19522 | Gauntlet | Found a transporter.
 19526 | Gauntlet | Noticed a catoblepas
 19530 | Gauntlet | Found a transporter.
 19547 | Gauntlet | Found a transporter.
 19566 | Gauntlet | Found a transporter.
 19594 | Gauntlet | Noticed a ghost crab
 19598 | Gauntlet | Found a transporter.
 19628 | Gauntlet | Found a transporter.
 19633 | Gauntlet | Found a transporter.
 19659 | Gauntlet | Found a transporter.
 19659 | Gauntlet | Noticed a catoblepas
 19664 | Gauntlet | Found a transporter.
 19666 | Gauntlet | Found a transporter.
 19689 | Gauntlet | Found a transporter.
 19694 | Gauntlet | Found a transporter.
 19746 | Gauntlet | Found a transporter.
 19967 | Gauntlet | Learned a level 4 spell: Animate Armour
 19971 | Gauntlet | Learned a level 3 spell: Summon Guardian Golem
 20279 | Gauntlet | Reached skill level 1 in Hexes
 20394 | Gauntlet | Identified the +2 helmet of Depression {Str+4}
 20436 | Gauntlet | Noticed a minotaur
 20447 | Gauntlet | Killed a minotaur
 20590 | Gauntlet | Identified the +1 leather armour of Objectivity {rPois rN+}
 21082 | Lair:2   | Noticed a death yak
 21083 | Lair:2   | Noticed a death yak
 21084 | Lair:2   | Noticed a death yak
 21084 | Lair:2   | Noticed a death yak
 21101 | Lair:2   | Reached skill level 5 in Summonings
 21108 | Lair:2   | Killed a death yak
 21246 | Lair:2   | Killed a death yak
 21248 | Lair:2   | Killed a death yak
 21393 | Lair:2   | Noticed a boulder beetle
 21544 | Lair:2   | Killed a death yak
 21875 | Lair:2   | Killed a boulder beetle
 22164 | Lair:2   | Found a hole to the Spider Nest.
 22252 | Lair:2   | Killed a death yak
 22262 | Lair:2   | Killed a death yak
 22263 | Lair:2   | Reached XP level 13. HP: 76/76 MP: 2/30
 22480 | Lair:2   | Reached ***** piety under Vehumet
 22481 | Lair:2   | Reached skill level 12 in Spellcasting
 22492 | Lair:2   | Offered knowledge of Eringya's Noxious Bog by Vehumet.
 23464 | Lair:3   | Reached skill level 1 in Long Blades
 23484 | Lair:3   | HP: 3/76 [manticore (8)]
 24003 | Lair:3   | Found a staircase to the Shoals.
 24012 | Lair:3   | Learned a level 7 spell: Spellforged Servitor
 24487 | Lair:3   | Reached skill level 5 in Shields
 24659 | Lair:4   | HP: 1/76 [komodo dragon (20)]
 25910 | Lair:4   | Reached skill level 5 in Ice Magic
 26202 | Lair:5   | Entered Level 5 of the Lair of Beasts
 26202 | Lair:5   | Found a staircase to the Slime Pits.
 26202 | Lair:5   | Found a viscous altar of Jiyva.
 26329 | Lair:5   | Offered knowledge of Freezing Cloud by Vehumet.
 26451 | Lair:4   | Learned a level 5 spell: Freezing Cloud
 27908 | Lair:5   | Reached XP level 14. HP: 83/83 MP: 6/32
 28197 | Lair:5   | Reached skill level 13 in Spellcasting
 28375 | Lair:5   | Learned a level 2 spell: Wereblood
 28713 | Lair:5   | Reached skill level 5 in Evocations
 28731 | Lair:5   | Reached skill level 10 in Dodging
 29288 | Orc:1    | Entered Level 1 of the Orcish Mines
 29288 | Orc:1    | Found Jefoqoc's General Store.
 29390 | Orc:1    | Bought a potion of curing for 48 gold pieces
 29390 | Orc:1    | Bought a scroll of enchant armour for 120 gold pieces
 29405 | Orc:1    | Found Giadekik's Magic Scroll Shoppe.
 29419 | Orc:1    | Offered knowledge of Lee's Rapid Deconstruction by Vehumet.
 29428 | Orc:1    | Learned a level 5 spell: Lee's Rapid Deconstruction
 29799 | Orc:1    | Found Luamog's General Store.
 29882 | Orc:1    | Bought a potion of degeneration for 15 gold pieces
 29882 | Orc:1    | Bought a scroll of enchant weapon for 112 gold pieces
 29882 | Orc:1    | Bought a potion of heal wounds for 75 gold pieces
 30005 | Orc:1    | Found Plog's Weapon Shoppe.
 30136 | Orc:1    | Found Qojyisum's Weapon Emporium.
 30221 | Orc:2    | Entered Level 2 of the Orcish Mines
 30221 | Orc:2    | Found a staircase to the Elven Halls.
 30961 | Orc:2    | Offered knowledge of Irradiate by Vehumet.
 30969 | Orc:2    | Found Ewagike's Book Shop.
 30970 | Orc:2    | Found Sivinuig's Assorted Antiques.
 30977 | Orc:2    | Found Ideucam's Antique Weapon Boutique.
 30979 | Orc:2    | Found Mujas's Weapon Boutique.
 31049 | Orc:2    | Noticed Nessos
 31056 | Orc:2    | Killed Nessos
 32029 | D:13     | Learned a level 5 spell: Irradiate
 32059 | D:13     | Reached skill level 5 in Long Blades
 32123 | D:13     | Noticed Snorg
 32138 | D:13     | Killed Snorg
 32139 | D:13     | Reached skill level 14 in Spellcasting
 32944 | D:14     | Noticed Rupert
 32944 | D:14     | Noticed Urug
 32944 | D:14     | Found a gate to the Vaults.
 32950 | D:14     | Killed Rupert
 32952 | D:14     | HP: 1/84 [Urug/silver javelin (5)]
 32958 | D:13     | Gained mutation: You are occasionally teleported next to
                  | monsters. [mutagenic glow]
 33495 | D:13     | Lost mutation: You are occasionally teleported next to
                  | monsters. [potion of mutation]
 33495 | D:13     | Gained mutation: Your body sometimes deteriorates upon
                  | taking damage. [potion of mutation]
 33495 | D:13     | Gained mutation: You are robust. (+10% HP) [potion of
                  | mutation]
 33532 | D:14     | Killed Urug
 33533 | D:14     | Reached XP level 15. HP: 82/97 MP: 14/35
 34382 | D:14     | Found a bloodstained altar of Trog.
 34424 | D:14     | Reached skill level 15 in Spellcasting
 34741 | D:14     | Reached ****** piety under Vehumet
 34985 | D:15     | Entered Level 15 of the Dungeon
 35024 | D:15     | Reached skill level 5 in Air Magic
 35387 | D:15     | Offered knowledge of Starburst by Vehumet.
 37646 | D:15     | Found a staircase to the Depths.
 37848 | Spider:1 | Entered Level 1 of the Spider Nest
 37975 | Spider:1 | Learned a level 2 spell: Wereblood
 38297 | Spider:1 | Offered knowledge of Iron Shot by Vehumet.
 38302 | Spider:1 | Reached XP level 16. HP: 62/105 MP: 15/37
 38468 | Spider:1 | Reached skill level 5 in Transmutations
 39304 | Spider:1 | Noticed Donald
 39317 | Spider:1 | Killed Donald
 39322 | Spider:1 | Reached skill level 10 in Summonings
 40002 | Spider:1 | Found a transporter.
 40005 | Spider:1 | Noticed groovy9's ghost (journeyman MiHu)
 40019 | Spider:1 | Found a transporter.
 40178 | Spider:1 | Killed groovy9's ghost
 40190 | Spider:1 | Gained mutation: You occasionally lose the ability to drink
                  | potions when taking damage. [mutagenic glow]
 40205 | Spider:1 | Gained mutation: Armour fits poorly on your strangely
                  | shaped body. [mutagenic glow]
 40213 | Spider:1 | Lost mutation: Armour fits poorly on your strangely shaped
                  | body. [potion of mutation]
 40213 | Spider:1 | Lost mutation: You are robust. (+10% HP) [potion of
                  | mutation]
 40213 | Spider:1 | Lost mutation: You occasionally lose the ability to drink
                  | potions when taking damage. [potion of mutation]
 40213 | Spider:1 | Gained mutation: You have supernaturally acute eyesight.
                  | (SInv) [potion of mutation]
 40407 | Spider:1 | Identified the ring "Xutabearr" {Wiz rC- Slay+5}
 40770 | Spider:2 | Reached skill level 16 in Spellcasting
 41139 | Spider:2 | Offered knowledge of Maxwell's Capacitive Coupling by
                  | Vehumet.
 41140 | Spider:2 | Reached skill level 10 in Fighting
 41486 | Spider:2 | Identified the +2 cloak "Cirubbis" {+Blink Will++}
 41644 | Spider:2 | HP: 3/97 [tarantella (14)]
 41991 | Spider:2 | Noticed Arachne
 42015 | Spider:2 | Slain by Arachne

Illustrated notes

Levels and vault maps discovered:
D:1:      matt_arrival_spirals, layout_loops_corners
D:2:      layout_loops_cross, basic_altar
D:3:      layout_rooms, serial_shops, nicolae_shop_waterfront,
          minmay_curled_crystal, minmay_guardbox, uniq_jessica, uniq_grinder
D:4:      layout_basic, nicolae_ru_great_annihilating_truth,
          nicolae_gozag_zags_fifth_avenue, nicolae_tso_carved_into_rock,
          minmay_temple_entry_enclosed_plants
D:5:      layout_loops_ring, chequers_serial_rivers_small_3, uniq_pikel,
          uniq_menkaure
D:6:      layout_rooms, uniq_eustachio, uniq_maggie
D:7:      kennysheep_housing_project, layout_cave_pools,
          nicolae_uskayaw_murder_on_the_dancefloor,
          hellmonk_ghost_happy_afterlife, uniq_duvessa
D:8:      nzn_winding_woodlands_large [nzn_winding_woodlands_hourglass,
          nzn_winding_woodlands_5x15_pool,
          nzn_winding_woodlands_5x5_closed_star,
          nzn_winding_woodlands_center_pierced_h,
          nzn_winding_woodlands_15x15_killbox,
          nzn_winding_woodlands_center_diamonds,
          nzn_winding_woodlands_5x5_cross, nzn_winding_woodlands_5x15_zeroes,
          nzn_winding_woodlands_5x5_default], layout_basic, minmay_nine_imps,
          uniq_joseph
D:9:      layout_cave_pods, kennysheep_generic_room_14, uniq_prince_ribbit1
D:10:     layout_stronghold, grunt_temple_overflow_octagram,
          grunt_lair_entry_orc_guard_hut, serial_rivers,
          chequers_serial_rivers_large_a, chequers_serial_rivers_micro_c,
          chequers_serial_rivers_small_a, chequers_serial_rivers_large_b,
          uniq_sonja
D:11:     layout_cave_pools, nicolae_take_the_stairs, uniq_maurice,
          uniq_nergalle
D:12:     layout_stronghold, orc_0_dummy, uniq_lodul
D:13:     layout_roguey, st_stairs_9, uniq_snorg
D:14:     layout_roguey [special_room_orc], david_vaults_3, nicolae_wwwww,
          bloody_trog
D:15:     gammafunk_enter_depths_forms, layout_loops_corners,
          chequers_serial_rivers_micro_e
Temple:   hellmonk_temple_of_storms
Lair:1:   layout_misc_corridors
Lair:2:   layout_loops_ring, hellmonk_spider_entry_not_the_bees,
          gauntlet_entry_generic, grunt_megastairs_5, serial_bayou_shore_b
Lair:3:   layout_gridlike, minmay_shoals_entry_beasts, evilmike_ambush
          [evilmike_ambush_outer_pillars, evilmike_ambush_inner_basic]
Lair:4:   layout_gridlike, chequers_serial_rivers_micro_d
Lair:5:   minmay_lair_end_enchanted_forest, layout_cave_pods, slime_entry_1,
          nzn_sisyphean_effort, grunt_megastairs_1
Spider:1: layout_cave_pods, gammafunk_ghost_berserking_beasts, uniq_donald
Spider:2: layout_spider_delve, uniq_arachne
Orc:1:    layout_caves, serial_shops, nicolae_shop_trees, nicolae_shop_trees,
          shop, shop, nicolae_shop_bloodbath_and_beyond
Orc:2:    st_orc_mages, layout_caves, basic_altar, uniq_nessos

Skill      XL: |  1  2  3  4  5  6  7  8  9 10 11 12 13 14 15 16 |
---------------+-------------------------------------------------+-----
Conjurations   | 1 3 7 11 13 14 | 14.0
Spellcasting   | 4 6 9 10 11 12 14 15 16 | 16.5
Fighting       | 2 3 4 5 6 7 8 9 10 | 10.0
Air Magic      | 1 2 4 6 7 |  7.0
Poison Magic   | 2 4 |  4.0
Dodging        | 3 6 7 8 9 10 | 10.0
Stealth        | 3 |  3.0
Earth Magic    | 4 6 |  6.0
Shields        | 2 3 4 5 6 |  6.0
Armour         | 1 3 4 |  4.0
Evocations     | 3 4 5 |  5.4
Summonings     | 3 5 7 8 9 10 | 10.0
Ice Magic      | 4 5 7 8 |  8.6
Hexes          | 3 4 |  4.0
Long Blades    | 3 5 6 8 |  8.0
Transmutations | 2 4 6 |  6.0

Action                   |  1- 3 |  4- 6 |  7- 9 | 10-12 | 13-15 | 16-18 || total
-------------------------+-------+-------+-------+-------+-------+-------++-------
Melee: Dagger            |     1 |    33 |    19 |    13 |       |       ||    66
       Short sword       |       |       |    11 |    34 |       |       ||    45
       Long sword        |       |       |       |       |   169 |    90 ||   259
       Staff             |       |       |       |       |     3 |       ||     3
       Double sword      |       |       |       |       |       |    18 ||    18
Throw: Boomerang         |       |     1 |       |       |       |       ||     1
 Cast: Sandblast         |    27 |     8 |     1 |       |       |       ||    36
       Stone Arrow       |    18 |    72 |   126 |   262 |    27 |       ||   505
       Mephitic Cloud    |       |     5 |    17 |    41 |    15 |     2 ||    80
       Orb of Destructio |       |       |       |    40 |   101 |    10 ||   151
       Lightning Bolt    |       |       |       |    44 |    76 |    14 ||   134
       Animate Armour    |       |       |       |     6 |     7 |       ||    13
       Summon Guardian G |       |       |       |     4 |     3 |       ||     7
       Ozocubu's Armour  |       |       |       |     2 |    17 |     4 ||    23
       Freezing Cloud    |       |       |       |       |    59 |     9 ||    68
       Spellforged Servi |       |       |       |       |    31 |     5 ||    36
       Lee's Rapid Decon |       |       |       |       |    61 |    29 ||    90
       Irradiate         |       |       |       |       |    22 |    10 ||    32
       Wereblood         |       |       |       |       |     2 |     6 ||     8
Evoke: Wand              |       |       |       |    15 |     1 |     4 ||    20
       Phial of floods   |       |       |       |       |       |     1 ||     1
       Condenser vane    |       |       |       |       |       |     1 ||     1
  Use: Scroll            |       |     1 |    12 |     9 |    18 |     3 ||    43
       Potion            |       |     2 |       |     8 |     8 |    14 ||    32
 Stab: Sleeping          |       |     1 |       |       |       |       ||     1
       Distracted        |       |       |       |       |     1 |       ||     1
       Confused          |       |       |       |       |     1 |       ||     1
Armor: Robe              |     1 |    26 |     6 |       |     4 |    14 ||    51
       Acid dragon scale |       |       |     8 |    67 |    43 |       ||   118
       Leather armour    |       |       |       |       |    31 |    42 ||    73
Dodge: Dodged            |     5 |    40 |    34 |    98 |   159 |    87 ||   423
Block: Kite shield       |       |       |    11 |   102 |    68 |    94 ||   275
       Buckler           |       |       |       |       |    61 |     7 ||    68
       Reflection        |       |       |       |       |    16 |       ||    16
